 Dungeon Crawl Stone Soup version 0.28-a0-1182-g381e24db82 (webtiles) character file.

Game seed: 16927386319465423286

342 Lavandula the Ruffian (level 6, 0/43 HPs)
             Began as a Formicid Transmuter on Dec 17, 2021.
             Killed from afar by Pikel (28 damage)
             ... with a bolt of acid
             ... on level 4 of the Dungeon.
             The game lasted 00:07:09 (4309 turns).

Lavandula the Ruffian (Formicid Transmuter)         Turns: 4309, Time: 00:07:09

Health: 0/43       AC:  4    Str: 15    XL:     6   Next: 88%
Magic:  4/10       EV: 11    Int: 14    God:
Gold:   167        SH:  0    Dex: 11    Spells: 1/10 levels left

rFire   . . .      SeeInvis +     - Unarmed
rCold   + . .      Faith    .   (no shield)
rNeg    . . .      Spirit   .   g - +1 leather armour {rC+}
rPois   .          Reflect  .   (helmet unavailable)
rElec   .          Harm     .   (no cloak)
rCorr   .          Rampage  .   (no gloves)
Will    .....                   (no boots)
Stlth   +.........              (no amulet)
HPRegen 0.14/turn               (no ring)
MPRegen 0.12/turn               (no ring)

@: lethally poisoned (0 -> -3), very slightly contaminated
A: permanent stasis, dig shafts and tunnels, antennae 3, four strong arms
a: Dig, Shaft Self


You were on level 4 of the Dungeon.
You visited 1 branch of the dungeon, and saw 4 of its levels.

You collected 167 gold pieces.

Inventory:

Missiles
 i - 7 poisoned darts
Armour
 a - a +0 robe
 g - a +1 leather armour of cold resistance (worn)
Wands
 k - a wand of paralysis (4)
Scrolls
 c - a scroll of noise {unknown}
 d - a scroll of identify {unknown}
 e - a scroll of enchant weapon {unknown}
 f - a scroll of enchant armour {unknown}
 h - a scroll of immolation {unknown}
 j - a scroll of teleportation {unknown}
Potions
 b - a potion of heal wounds
 l - a potion of berserk rage {unknown}
 m - a potion of attraction {unknown}
 n - a potion of flight {unknown}


   Skills:
 - Level 1.1 Fighting
 - Level 1.7 Dodging
 + Level 5.1 Unarmed Combat
 - Level 2.9 Spellcasting
 - Level 3.0 Transmutations
 - Level 3.0 Ice Magic
 - Level 3.0 Poison Magic


You had one spell level left.
You knew the following spells:

 Your Spells              Type           Power      Damage    Failure   Level
a - Beastly Appendage     Tmut           20%        N/A       8%          1
b - Wereblood             Tmut           10%        N/A       12%         2
c - Spider Form           Tmut/Pois      10%        N/A       24%         3
d - Frozen Ramparts       Ice            20%        1d4       24%         3

Your spell library contained the following spells:

 Spells                   Type           Power      Damage    Failure   Level
 Freeze                   Ice            40%        1d6       8%          1
 Animate Skeleton         Necr           4%         N/A       26%         1
 Pain                     Necr           8%         1d4       26%         1
 Ice Form                 Ice/Tmut       10%        N/A       61%         4
 Call Canine Familiar     Summ           2%         N/A       63%         3
 Portal Projectile        Hex/Tloc       4%         N/A       63%         3
 Vampiric Draining        Necr           2%         2d6       63%         3
 Hailstorm                Conj/Ice       6%         3d4       82%         4
 Leda's Liquefaction      Hex/Erth       1%         N/A       95%         4


Dungeon Overview and Level Annotations

Branches:
Dungeon (4/15)
 Temple: D:4-7

Altars:
Gozag
Xom

Annotations:
D:4 Grinder, Menkaure, Pikel


Innate Abilities, Weirdness & Mutations

You cannot be hasted, slowed, berserked, paralysed or teleported.
You can dig through walls and to a lower floor.
You have a pair of large antennae on your head. (SInv)
Your four strong arms can wield two-handed weapons with a shield.


Message History

Things that are here:
a +0 club; a +0 leather armour; an orc corpse You hit the lemure but do no damage.
The lemure is poisoned.
You hit the lemure.
The lemure is lightly wounded.
The lemure misses you.
You hit the lemure.
The lemure looks as sick as possible!
The lemure is lightly wounded.
The lemure barely misses you.
You bite the lemure!
The lemure looks as sick as possible!
The lemure is heavily wounded.
The lemure hits you but does no damage.
Your transformation has ended.
Your +1 leather armour of cold resistance unmelds from your body.
You feel resistant to cold.
Menkaure casts a spell.
Menkaure seems to speed up.
You hear a shout!
You kill the lemure!
That felt strangely unrewarding.
There is an open door here.
A lemure comes into view.
A lemure comes into view.
There is a stone staircase leading up here.
Casting: Spider Form (quite dangerous; 24% risk of failure)
Confirm with . or Enter, or press ? or * to list all spells.
The spell is quite dangerous to miscast (24% risk of failure)!
Continue anyway?
You miscast Spider Form.
You are very lightly contaminated with residual magic.
Nothing appears to happen.
Casting: Spider Form (quite dangerous; 24% risk of failure)
Confirm with . or Enter, or press ? or * to list all spells.
The spell is quite dangerous to miscast (24% risk of failure)!
Continue anyway?
You miscast Spider Form.
You feel odd!
You are poisoned.
You feel sick.
Pikel says, "You'll feel the lick of my whip!"
You feel sick.
Pikel zaps a wand.
The bolt of acid hits you!!
Ouch! That really hurt!
You die...

..)....#.................#
.......)......{..........#
.......#.M.....{.........#
.##....#########{..##....#
#.... ##.#####g###†...#
#.... ..5.....5..#....#
#5K.M. .......K...#....#
.'..K.. ....5......#....#
g##...# ##..###@)###....#
#. ###..###....# ..
#...........# .
#...........#
#...........#
###..###....# ##..###....#
#..<.'.....# #....#.....#


You could see Pikel, 3 lemures and a gnoll.

Vanquished Creatures
  An ogre (D:4)
  A lemure (D:4)
  A hound (D:2)
  2 orc wizards (D:4)
  4 gnolls (D:4)
  7 adders
  2 worms
  2 dart slugs
  7 orcs
  3 endoplasms (D:2)
  4 giant cockroaches
  3 goblins
  3 hobgoblins
  2 quokkas (D:2)
  8 ball pythons
  A bat (D:3)
  3 frilled lizards
  10 kobolds
  15 rats
79 creatures vanquished.

Notes
Turn   | Place    | Note
-------+----------+-------------------------------------------
     0 | D:1      | Lavandula the Formicid Transmuter began the quest for the
                  | Orb.
     0 | D:1      | Reached XP level 1. HP: 15/15 MP: 3/3
   245 | D:1      | Reached XP level 2. HP: 18/21 MP: 3/5
   416 | D:1      | Learned a level 2 spell: Wereblood
   592 | D:1      | Found a faded altar of an unknown god.
   828 | D:1      | Reached skill level 4 in Unarmed Combat
   828 | D:1      | Reached XP level 3. HP: 26/26 MP: 6/6
   832 | D:1      | Learned a level 3 spell: Spider Form
  1464 | D:2      | Reached XP level 4. HP: 16/32 MP: 7/7
  2621 | D:3      | Reached XP level 5. HP: 35/37 MP: 6/8
  3030 | D:3      | Found a shimmering altar of Xom.
  3033 | D:3      | Found an opulent altar of Gozag.
  3423 | D:2      | Learned a level 3 spell: Frozen Ramparts
  3729 | D:4      | Noticed Menkaure
  3800 | D:4      | Reached skill level 1 in Ice Magic
  3887 | D:4      | Reached XP level 6. HP: 33/43 MP: 7/10
  4026 | D:4      | Noticed Grinder
  4252 | D:4      | Noticed an ogre
  4258 | D:4      | Killed an ogre
  4259 | D:4      | Reached skill level 5 in Unarmed Combat
  4285 | D:4      | Noticed Pikel
  4309 | D:4      | Killed from afar by Pikel

Illustrated notes

Levels and vault maps discovered:
D:1:      minmay_arrival_shattered_statue, layout_rooms,
          shapermc_ecumenical_altar_flowoftime, minivault_14,
          minmay_rat_gold_closets
D:2:      layout_basic, minmay_tromino_i4
D:3:      layout_loops_corners, nicolae_overflow_hidden_temple
D:4:      layout_gridville, minmay_overflow_temple_star_quad, uniq_duvessa,
          uniq_grinder, uniq_pikel, uniq_menkaure

Skill      XL: |  1  2  3  4  5  6 |
---------------+-------------------+-----
Unarmed Combat | 4 5 |  5.1
Poison Magic   | 2 3 |  3.0
Transmutations | 3 |  3.0
Ice Magic      | 1 3 |  3.0
Fighting       | |  1.1
Dodging        | |  1.7
Spellcasting   | |  2.9

Action                   |  1- 3 |  4- 6 || total
-------------------------+-------+-------++-------
Melee: Unarmed           |   103 |   140 ||   243
       Kick              |    15 |     6 ||    21
       Punch             |     1 |       ||     1
 Cast: Beastly Appendage |    19 |    12 ||    31
       Spider Form       |       |    11 ||    11
  Use: Potion            |       |     2 ||     2
 Stab: Sleeping          |     2 |     2 ||     4
Armor: Robe              |    15 |     4 ||    19
       Leather armour    |       |     9 ||     9
       Skin              |       |     4 ||     4
Dodge: Dodged            |    56 |    84 ||   140

Table legend: (Time is in decaauts)
 A = Elapsed time spent in this place.
 B = Non-inter-level travel time spent in this place.
 C = Inter-level travel time spent in this place.
 D = Time resting spent in this place.
 E = Time spent auto-exploring this place.
 F = Levels seen in this place.
 G = Mean time per level.
                   A        B        C        D        E       F      G
               +--------+--------+--------+--------+--------+-----+--------+
         Total |   4292 |   4132 |    160 |    184 |   3255 |   4 | 1073.0 |
       Dungeon |   4292 |   4132 |    160 |    184 |   3255 |   4 | 1073.0 |
               +--------+--------+--------+--------+--------+-----+--------+

Top non-repeatable levels by time:
     D:3: 1396 daAuts
     D:2: 1375 daAuts
     D:1: 1090 daAuts
     D:4: 430 daAuts
